 Dungeon Crawl Stone Soup version 0.19-a0-1225-gf887c1c (webtiles) character file.

1424 LORDOFBUTT the Shield-Bearer (level 8, -1/71 HPs)
             Began as a Minotaur Fighter on Aug 25, 2016.
             Was a Believer of Okawaru.
             Killed by nerve-wracking pain
             ... invoked by Grinder
              (3 damage)
             ... on level 5 of the Dungeon.
             The game lasted 00:06:47 (4184 turns).

LORDOFBUTT the Shield-Bearer (Minotaur Fighter)     Turns: 4184, Time: 00:06:48

Health: -1/71      AC: -8    Str: 21    XL:     8   Next: 44%
Magic:  7/7        EV: 10    Int:  5    God:    Okawaru [**....]
Gold:   313        SH: 10    Dex: 12    Spells: 0 memorised, 7 levels left

rFire  . . .     SeeInvis .     a - +3 war axe
rCold  . . .     Gourm    .     b - +0 scale mail
rNeg   . . .     Faith    .     c - +0 shield
rPois  .         Spirit   .     (helmet restricted)
rElec  .         Dismiss  .     (no cloak)
rCorr  .         Reflect  .     (no gloves)
MR     .....     Harm     .     (no boots)
Stlth  ..........               (no amulet)
                                (no ring)
                                (no ring)

@: corroded
A: retaliatory headbutt, horns 2
a: Heroism, Renounce Religion


You were on level 5 of the Dungeon.
You worshipped Okawaru.
Okawaru was pleased with you.
You were not hungry.

You visited 1 branch of the dungeon, and saw 6 of its levels.
You also visited: Ossuary.

You collected 313 gold pieces.

Inventory:

Hand Weapons
 a - a +3 war axe (weapon)
Armour
 b - a +0 scale mail (worn)
 c - a +0 shield (worn)
Wands
 p - a wand of acid (8/15)
Scrolls
 g - a scroll of blinking {unknown}
 h - 5 scrolls of recharging
 k - 7 scrolls of remove curse
 o - 2 scrolls of fog {unknown}
 t - a scroll of random uselessness {unknown}
 v - a scroll of fear {unknown}
 x - 2 scrolls of immolation {unknown}
 y - a scroll of amnesia {unknown}
 z - 2 scrolls of identify
Potions
 d - a potion of cure mutation {unknown}
 e - 3 potions of brilliance
 i - a potion of degeneration {unknown}
 m - a potion of haste {unknown}
 q - 4 potions of might
 r - a potion of curing
 s - 2 potions of cancellation
 u - 2 potions of agility
 w - 2 potions of mutation
Books
 n - a book of Annihilations

   Spells                             Type                      Level
   a - Poison Arrow                   Conjuration/Poison           6
   b - Chain Lightning                Conjuration/Air              8
   c - Lehudib's Crystal Spear        Conjuration/Earth            8
   d - Glaciate                       Conjuration/Ice              9
   e - Fire Storm                     Conjuration/Fire             9
Comestibles
 f - 2 bread rations
 j - 7 meat rations
 l - a royal jelly


   Skills:
 + Level 6.4 Fighting
 + Level 6.7 Axes
 + Level 6.6 Armour
 + Level 4.0 Dodging
 - Level 0.6 Stealth
 + Level 6.7 Shields
 + Level 0.8 Evocations


You had 7 spell levels left.
You didn't know any spells.

Dungeon Overview and Level Annotations

Branches:
Dungeon (6/15)
 Temple: D:4-7

Altars:
Dithmenos
Kikubaaqudgha
Makhleb
Okawaru
Zin

Shops:
D:4 *

Annotations:
D:5 Grinder


Innate Abilities, Weirdness & Mutations

You reflexively headbutt those who attack you in melee.
You have a pair of horns on your head.


Message History

* * * LOW HITPOINT WARNING * * *
You writhe in agony.
* * * LOW HITPOINT WARNING * * *
The worker ant closely misses you.
There is a stone staircase leading up here.
You block Grinder's attack. The worker ant barely misses you.
You climb upwards.
There is a stone staircase leading down here.
You feel better. Grinder hits you!
* * * LOW HITPOINT WARNING * * *
You writhe in agony.
* * * LOW HITPOINT WARNING * * *
The jelly hits you.
* * * LOW HITPOINT WARNING * * *
You are splashed with acid!
The acid corrodes you!
The acid burns!
* * * LOW HITPOINT WARNING * * *
You block the worker ant's attack. Grinder gestures at you.
Pain shoots through your body!
You die...

#...# #.#.#># #...#
#.#.#.# #...# #...#.#
####.[.#####.#.#
#..'...'.......#
#.##...#####.###
#.##.......#.#
#.##a####.##.########
#.##@5...............
#.##J................
#.#######.##.########
#.#........#.##
#.#.#######...#######
#####.#.# #...'......
#.......# #...#######
#.###.##### #...# #.#
#.....# #...#


You could see Grinder, a jelly and a worker ant.

Vanquished Creatures
  Sigmund (D:5)
  The ghost of smilodon the Bolt Thrower, an amateur MiHu (D:3)
  Eustachio (D:4)
  A water moccasin (D:5)
  An ogre (D:4)
  An elf zombie (Ossuary)
  2 scorpions
  A centaur zombie (Ossuary)
  2 orc priests
  3 hounds
  A human zombie (Ossuary)
  2 centaur skeletons
  A giant frog skeleton (D:4)
  An orc wizard (D:4)
  2 iguanas
  2 big kobold zombies (Ossuary)
  2 mummies (Ossuary)
  7 adders
  2 shadow imps
  2 oozes (D:1)
  2 adder zombies (Ossuary)
  An adder skeleton (D:5)
  3 worms
  2 dart slugs (D:3)
  2 giant geckos
  13 orcs
  3 ball pythons
  7 bats
  2 giant cockroaches
  10 goblins
  7 hobgoblins
  9 jackals
  A quokka (D:4)
  2 giant newts
  2 goblin zombies (Ossuary)
  12 hobgoblin zombies (Ossuary)
  A jackal skeleton (D:5)
  A jackal zombie (Ossuary)
  7 kobolds
  5 kobold zombies (Ossuary)
  9 orc zombies (Ossuary)
  A quokka skeleton (D:5)
  A quokka zombie (D:5)
  2 rats (D:1)
  A rat zombie (Ossuary)
142 creatures vanquished.

Vanquished Creatures (others)
  An orc (D:3)
1 creature vanquished.

Grand Total: 143 creatures vanquished

Notes
Turn   | Place    | Note
-------+----------+-------------------------------------------
     0 | D:1      | LORDOFBUTT the Minotaur Fighter began the quest for the Orb.
     0 | D:1      | Reached XP level 1. HP: 19/19 MP: 0/0
    34 | D:1      | Reached XP level 2. HP: 16/27 MP: 1/1
   319 | D:1      | Reached XP level 3. HP: 33/33 MP: 2/2
   870 | D:2      | Reached XP level 4. HP: 38/40 MP: 3/3
  1080 | D:2      | Found a burning altar of Makhleb.
  1156 | D:3      | Reached skill level 5 in Shields
  1172 | D:3      | Noticed smilodon's ghost (amateur MiHu)
  1187 | D:3      | Killed smilodon's ghost
  1187 | D:3      | Reached skill level 1 in Dodging
  1187 | D:3      | Reached XP level 5. HP: 19/47 MP: 4/4
  1273 | D:3      | Found a faded altar of an unknown god.
  1507 | D:3      | Reached XP level 6. HP: 53/53 MP: 5/5
  1782 | D:3      | Found an iron altar of Okawaru.
  1862 | D:3      | Became a worshipper of Warmaster Okawaru
  2101 | D:4      | Noticed Eustachio
  2117 | D:4      | Killed Eustachio
  2117 | D:4      | Reached skill level 5 in Armour
  2211 | D:4      | Reached XP level 7. HP: 56/60 MP: 6/6
  2320 | D:4      | Reached * piety under Okawaru
  2320 | D:4      | Reached skill level 5 in Fighting
  2364 | D:4      | Found a glowing silver altar of Zin.
  2364 | D:4      | Found an ancient bone altar of Kikubaaqudgha.
  2365 | D:4      | Found a shadowy altar of Dithmenos.
  2497 | D:4      | Found Payl's General Store.
  2553 | D:4      | Reached skill level 5 in Axes
  2706 | D:5      | Entered Level 5 of the Dungeon
  2859 | D:5      | Found a sand-covered staircase.
  2939 | Ossuary  | Entered an ossuary
  3234 | Ossuary  | Reached XP level 8. HP: 64/70 MP: 7/7
  3237 | Ossuary  | Reached ** piety under Okawaru
  3548 | D:5      | Noticed Sigmund
  3558 | D:5      | Killed Sigmund
  4172 | D:6      | Noticed Grinder
  4175 | D:6      | Paralysed by Grinder for 5 turns
  4184 | D:5      | HP: 2/71 [acid (9)]
  4184 | D:5      | Killed from afar by Grinder

Vault maps used:
D:1:      evilmike_arrival_hilbert_curve
D:2:      old_standard_altar, serial_corexii_hall, corexii_hall_statues_i,
          corexii_hall_statues_i
D:3:      ecumenical_altar_1, first_bread, kennysheep_okawaru_gauntlet
D:4:      gammafunk_temple_overflow_claw, serial_shops, kennysheep_little_box,
          minmay_misc_feat_roman, hex_medium, uniq_eustachio
D:5:      nicolae_ossuary_entry_false_entrances, uniq_sigmund
D:6:      regret_index_temple_of_mockery, lemuel_doored_altar, serial_shops,
          kennysheep_mini_moat, uniq_grinder
Ossuary:  ossuary_tomb_1

Skill      XL: |  1  2  3  4  5  6  7  8 |
---------------+-------------------------+-----
Shields        | 4 5 6 |  6.7
Fighting       | 4 5 6 |  6.4
Axes           | 3 4 5 6 |  6.7
Armour         | 4 5 6 |  6.6
Dodging        | 1 2 3 4 |  4.0
Stealth        | |  0.6
Evocations     | |  0.8

Action                   |  1- 3 |  4- 6 |  7- 9 || total
-------------------------+-------+-------+-------++-------
Melee: War axe           |    90 |   102 |   168 ||   360
       Headbutt          |     8 |    21 |    37 ||    66
Evoke: Wand              |       |     3 |       ||     3
  Use: Potion            |       |     3 |     1 ||     4
       Scroll            |       |       |    11 ||    11
  Eat: Chunk             |       |     4 |       ||     4
       Beef jerky        |       |     2 |       ||     2
       Pizza             |       |     1 |       ||     1
       Bread ration      |       |       |     1 ||     1
Armor: Scale mail        |    36 |    45 |    47 ||   128
Dodge: Dodged            |    22 |    47 |    51 ||   120
Block: Shield            |    57 |    73 |    83 ||   213
